 Dungeon Crawl Stone Soup version 0.30.1-11-g7821555f0a (webtiles) character file.

Game seed: 15699039659404038340

11094 lonewolfV2 the Blocker (level 12, -3/145 HPs)
             Began as a Formicid Fighter on Nov 28, 2023.
             Was a Believer of Qazlal.
             Slain by a boulder beetle (6 damage)
             ... on level 11 of the Dungeon.
             The game lasted 00:14:41 (10325 turns).

lonewolfV2 the Blocker (Formicid Fighter)          Turns: 10325, Time: 00:14:41

Health: -3/145     AC: 26    Str: 23    XL:     12   Next: 3%
Magic:  18/19      EV:  2    Int: 15    God:    Qazlal [**....]
Gold:   599        SH: 17    Dex: 21    Spells: 11/11 levels left

rFire   + . .        D - +2 broad axe (drain)
rCold   + . .        w - +0 kite shield
rNeg    . . .        G - melded +0 plate armour
rPois   +            (helmet unavailable)
rElec   +            (cloak currently unavailable)
rCorr   +            k - melded +0 pair of gloves
SInv    .            (boots currently unavailable)
Will    +....        (no amulet)
Stlth   +            n - +6 ring of intelligence
HPRegen 0.44/turn    h - +6 ring of dexterity
MPRegen 0.16/turn

%: no passive effects
@: mighty, tree-form, resistant, studying Maces & Flails
A: stationary, stasis, torment immunity, boosted hp, permanent stasis, dig
shafts and tunnels, (antennae 3), four strong arms
a: Renounce Religion, Upheaval


You were on level 11 of the Dungeon.
You worshipped Qazlal.
Qazlal was pleased with you.
You were a tree.
You visited 2 branches of the dungeon, and saw 12 of its levels.
You also visited: Sewer.

You collected 599 gold pieces.

Inventory:

Hand Weapons
 a - a +2 war axe of protection
 t - a +0 spear of venom
 D - a +2 broad axe of draining (weapon)
Missiles
 F - a throwing net
Armour
 k - a +0 pair of gloves (melded)
 o - a +0 chain mail
 w - a +0 kite shield (worn)
 G - a +0 plate armour (melded)
Jewellery
 h - a +6 ring of dexterity (right branch)
 n - a +6 ring of intelligence (left branch)
 p - a ring of wizardry
 q - a ring of fire
Wands
 m - a wand of polymorph (6)
 x - a wand of charming (9)
 y - a wand of quicksilver (7)
Scrolls
 b - 2 scrolls of brand weapon
 c - a scroll of enchant weapon
 e - 6 scrolls of teleportation
 f - a scroll of blinking
 i - 2 scrolls of fog
 H - a scroll of identify
 J - a scroll of poison
Potions
 d - 2 potions of might
 g - 5 potions of attraction
 j - 3 potions of brilliance
 l - 3 potions of haste
 r - 2 potions of lignification
 s - 3 potions of magic
 u - a potion of flight
 v - 2 potions of invisibility
 A - a potion of mutation
 B - a potion of cancellation
 C - 2 potions of degeneration


   Skills:
 - Level 10.0 Fighting
 - Level 10.0 Axes
 - Level 7.3 Armour
 + Level 11.2 Shields
 * Level 9.8 Invocations


You had 11 spell levels left.
You didn't know any spells.
Your spell library contained the following spells:

 Spells                   Type           Power      Damage    Failure   Level
 Apportation              Tloc           0%         N/A       41%         1
 Necrotise                Necr           0%         1d4       41%         1
 Slow                     Hex            0%         N/A       41%         1
 Cigotuvi's Dreadful Rot  Necr/Pois/Air  0%         N/A       56%         2
 Confusing Touch          Hex            0%         N/A       80%         3
 Dazzling Flash           Conj/Hex       0%         N/A       80%         3
 Frozen Ramparts          Ice            0%         1d1       80%         3
 Ignite Poison            Fire/Tmut/Pois 0%         N/A       80%         3
 Vampiric Draining        Necr           0%         2d6       80%         3
 Volatile Blastmotes      Fire/Tloc      0%         2d10      80%         3
 Ice Form                 Ice/Tmut       0%         N/A       99%         4
 Iskenderun's Mystic Bla  Conj/Tloc      0%         2d3       99%         4
 Sticky Flame             Conj/Fire      0%         2d3       99%         4
 Summon Ice Beast         Ice/Summ       0%         N/A       99%         4
 Agony                    Necr           0%         N/A       100%        5
 Alistair's Intoxication  Tmut/Pois      0%         N/A       100%        5
 Freezing Cloud           Conj/Ice/Air   0%         6-21      100%        5
 Starburst                Conj/Fire      0%         6d3       100%        6
 Ignition                 Fire           0%         3d3       100%        8


Dungeon Overview and Level Annotations

Branches:
Dungeon (11/15)            Temple (1/1) D:7            Lair (0/5) D:10
    Orc (0/2) D:11          Sewer (visited)

Altars:
Ashenzari
Cheibriados
Dithmenos
Elyvilon
Fedhas
Gozag
Hepliaklqana
Kikubaaqudgha
Makhleb
Nemelex Xobeh
Qazlal
Ru
Sif Muna
Trog
Uskayaw
Vehumet
Wu Jian
Xom
Yredelemnul
Zin
The Shining One

Shops:
D:3 [   D:7 *

Annotations:
D:7 1 runed translucent door
D:11 6 transporters, 4 runed translucent doors
Temple 2 transporters


Innate Abilities, Weirdness & Mutations

You are a tree.
Your roots penetrate the ground, keeping you stationary.
You cannot be teleported.
You are immune to unholy pain and torment.
Your maximum health is greatly increased.
Your equipment is partially melded.
You cannot be hasted, slowed, berserked, paralysed or teleported.
You can dig through walls and to a lower floor.
((You have a pair of large antennae on your head. (SInv)))
Your four strong arms can wield two-handed weapons with a shield.


Message History

The vampire bites you but does no damage.
The boulder beetle curls into a ball and begins rolling!
You have turned to stone.
You have reached level 12!
You feel clever.
The vampire hits you but does no damage.
The vampire barely misses you.
The vampire hits you but does no damage.
The vampire bites you.
* * * LOW HITPOINT WARNING * * *
The vampire points at you and mumbles some strange words.
You easily resist.
The vampire hits you but does no damage.
The vampire bites you but does no damage.
The basilisk hisses menacingly.
The boulder beetle hits you but does no damage.
The boulder beetle stops rolling and uncurls.
The vampire hits you.
* * * LOW HITPOINT WARNING * * *
The vampire bites you but does no damage.
The boulder beetle bites you!
* * * LOW HITPOINT WARNING * * *
A manticore comes into view.
The boulder beetle bites you.
* * * LOW HITPOINT WARNING * * *
The vampire hits you but does no damage.
The vampire bites you but does no damage.
The boulder beetle bites you!
* * * LOW HITPOINT WARNING * * *
The vampire hits you but does no damage.
The vampire bites you but does no damage.
You turn to flesh and can move again.
Unknown command.
Really quaff the potion of lignification?
You turn into a tree.
Your +0 pair of gloves melds into your body.
Your +0 plate armour melds into your body.
Your roots penetrate the ground.
You block the vampire's attack. x2
The boulder beetle bites you.
You die...

).........................#.....#
.#####################...........
.# .. #.#[#..#...##+###. ##
○..#.#.#..#...# #. #
#☼#.#.#.#.##...# #. #
{{+.#.#.#.#.#.#....# #. { {
###+##..#..##....# #.
##yeB#.B#†.#.....# #. #x{c
#♣#.##.##### #. #KTB##V#{#.....#
{ #. {{ B+OlB+l#)##.....# { #. {
#######†.#......# #.
#######.##......+ {{ #.
...#.......# #. {
##.##.##+##########. {
{.#..##............
#.##...#........####


You could see 2 boulder beetles, a deep elf pyromancer, a basilisk, a vampire
and a killer bee.

Vanquished Creatures
  2 centaur warriors (D:11)
  A two-headed ogre (D:10)
  An ugly thing (D:11)
  A deep elf pyromancer (D:11)
  A cyclops (D:10)
  A gargoyle (D:11)
  Maggie (D:8)
  2 komodo dragons (D:10)
  A troll (D:11)
  Grinder (D:3)
  2 wraiths
  3 shadows
  3 steam dragons
  3 acid dragons (D:11)
  4 water moccasins
  An ice beast (D:5)
  8 orc warriors
  A sky beast (D:6)
  A black bear (D:6)
  3 ogres
  10 centaurs
  3 bullfrogs
  2 kobold brigands
  2 gnoll sergeants
  3 scorpions
  5 wights (D:8)
  11 killer bees
  2 howler monkeys
  6 hounds
  7 orc priests
  5 jellies
  A gnoll bouda (D:7)
  10 orc wizards
  Natasha (twice) (D:3)
  7 iguanas
  3 gnolls (D:9)
  7 adders
  A shadow imp (D:7)
  3 white imps
  2 ufetubi (D:5)
  2 worms
  2 dart slugs
  28 orcs
  6 ball pythons
  7 endoplasms
  6 giant cockroaches
  4 goblins
  5 hobgoblins
  3 jackals
  4 quokkas
  5 bats
  3 frilled lizards
  4 kobolds
  A kobold skeleton (D:7)
  A kobold zombie (D:7)
  7 rats
221 creatures vanquished.

Vanquished Creatures (others)
  An orc wizard (D:10)
  3 orcs (D:8)
4 creatures vanquished.

Grand Total: 225 creatures vanquished

Notes
Turn   | Place    | Note
-------+----------+-------------------------------------------
     0 | D:1      | lonewolfV2 the Formicid Fighter began the quest for the
                  | Orb.
     0 | D:1      | Reached XP level 1. HP: 18/18 MP: 1/1
   158 | D:1      | Reached XP level 2. HP: 22/24 MP: 2/2
   312 | D:1      | Found a faded altar of an unknown god.
   627 | D:1      | Reached XP level 3. HP: 29/30 MP: 3/3
  1128 | D:2      | Reached XP level 4. HP: 37/37 MP: 4/4
  1413 | D:3      | Noticed Natasha
  1422 | D:3      | Killed Natasha
  1490 | D:3      | Found Fis Syedis's Antique Armour Emporium.
  1590 | D:3      | Noticed Grinder
  1606 | D:3      | Noticed Natasha
  1634 | D:3      | HP: 1/38 [Grinder (1)]
  1636 | D:3      | Killed Grinder
  1637 | D:3      | Reached skill level 5 in Fighting
  1637 | D:3      | Reached skill level 5 in Armour
  1637 | D:3      | Reached XP level 5. HP: 29/46 MP: 5/5
  1637 | D:3      | Reached XP level 6. HP: 33/52 MP: 6/6
  1723 | D:3      | Killed Natasha
  2149 | D:4      | Reached XP level 7. HP: 55/58 MP: 7/7
  2665 | D:5      | Entered Level 5 of the Dungeon
  2805 | D:5      | Reached skill level 5 in Shields
  2945 | D:5      | Reached XP level 8. HP: 60/64 MP: 8/8
  2970 | D:5      | Found a shimmering altar of Xom.
  3119 | D:5      | Found an ornate altar of the Wu Jian Council.
  3184 | D:5      | Found a glowing drain.
  3220 | Sewer    | Entered a sewer
  3405 | Sewer    | Identified a scroll of acquirement
  3405 | Sewer    | Acquired a +6 ring of dexterity
  3553 | D:6      | Found a radiant altar of Vehumet.
  3581 | D:6      | Reached skill level 5 in Axes
  3583 | D:6      | Reached skill level 6 in Shields
  3701 | D:6      | Reached XP level 9. HP: 37/72 MP: 9/9
  4452 | D:7      | Found a runed translucent door.
  4453 | D:7      | Found a basalt altar of Yredelemnul.
  4475 | D:7      | Found a staircase to the Ecumenical Temple.
  4489 | Temple   | Entered the Ecumenical Temple
  4489 | Temple   | Found a transporter.
  4489 | Temple   | Found a transporter.
  4491 | Temple   | Found a transporter.
  4491 | Temple   | Found a transporter.
  4510 | Temple   | Became a worshipper of Qazlal Stormbringer
  4970 | D:7      | Found a snail-covered altar of Cheibriados.
  5115 | D:7      | Reached XP level 10. HP: 62/82 MP: 10/10
  5178 | D:7      | Found Vais's General Store.
  5337 | D:7      | Found a sparkling altar of Nemelex Xobeh.
  5943 | D:8      | Reached * piety under Qazlal
  6306 | D:8      | Reached skill level 10 in Fighting
  6339 | D:8      | Noticed Maggie
  6354 | D:8      | Killed Maggie
  6421 | D:8      | Reached skill level 10 in Axes
  6801 | D:8      | Reached skill level 7 in Shields
  7192 | D:9      | Found a burning altar of Makhleb.
  7228 | D:9      | Identified the +4 quarterstaff of Domination {vamp, Str+2}
  7386 | D:9      | Found a white marble altar of Elyvilon.
  7477 | D:9      | Reached ** piety under Qazlal
  7480 | D:9      | Reached skill level 8 in Shields
  8106 | D:10     | Entered Level 10 of the Dungeon
  8224 | D:10     | Reached skill level 1 in Invocations
  8570 | D:10     | Found a staircase to the Lair.
  8571 | D:10     | Noticed a komodo dragon
  8587 | D:10     | Killed a komodo dragon
  8588 | D:10     | Reached XP level 11. HP: 28/90 MP: 11/13
  8825 | D:10     | Found a broken altar of Ashenzari.
  8906 | D:10     | Noticed a cyclops
  8914 | D:10     | Killed a cyclops
  8915 | D:10     | Reached skill level 9 in Shields
  9070 | D:10     | Noticed a two-headed ogre
  9076 | D:10     | Killed a two-headed ogre
  9454 | D:11     | Found a transporter.
  9576 | D:11     | Found a transporter.
  9577 | D:11     | Found a transporter.
  9649 | D:11     | Found a transporter.
  9697 | D:11     | Reached skill level 10 in Shields
  9770 | D:11     | Found a transporter.
  9773 | D:11     | Found a transporter.
  9797 | D:11     | Noticed a red ugly thing
  9812 | D:11     | Killed a red ugly thing
 10011 | D:11     | Found a staircase to the Orcish Mines.
 10289 | D:11     | Found a runed translucent door.
 10289 | D:11     | Found a runed translucent door.
 10289 | D:11     | Noticed a deep elf pyromancer
 10289 | D:11     | Noticed a boulder beetle
 10289 | D:11     | Noticed a boulder beetle
 10289 | D:11     | Noticed a boulder beetle
 10289 | D:11     | Noticed a two-headed ogre
 10290 | D:11     | Noticed a centaur warrior
 10292 | D:11     | Noticed a centaur warrior
 10299 | D:11     | Noticed a deep elf pyromancer
 10302 | D:11     | Noticed a boulder beetle
 10306 | D:11     | Found a runed translucent door.
 10306 | D:11     | Found a runed translucent door.
 10309 | D:11     | Noticed a boulder beetle
 10311 | D:11     | Killed a centaur warrior
 10315 | D:11     | Killed a deep elf pyromancer
 10316 | D:11     | Reached skill level 11 in Shields
 10317 | D:11     | Killed a centaur warrior
 10318 | D:11     | Reached XP level 12. HP: 21/97 MP: 17/19
 10324 | D:11     | HP: 2/97 [boulder beetle (7)]
 10325 | D:11     | Slain by a boulder beetle

Illustrated notes

Levels and vault maps discovered:
D:1:      heliophobic_arrival_ceremonial_halls, layout_loops_corners,
          shapermc_ecumenical_altar_starsandcircs, kennysheep_boxes
D:2:      layout_rooms
D:3:      layout_rooms, serial_shops, nicolae_shop_overgrown_old_shop,
          uniq_natasha, uniq_grinder
D:4:      layout_loops_cross
D:5:      layout_rooms, pdpol_wu_jian_five_deadly_venoms, xom_teletrap_fun,
          gup_sewer_entry_glass, chequers_serial_rivers_micro_e, st_stairs_8,
          hex_intersection, minmay_misc_feat_plants, grunt_ministairs_8
D:6:      minmay_bubble_buster, layout_gridville, vehumet_crystals
D:7:      layout_gridville, mainiacjoe_overflow_chevrons,
          kennysheep_slug_shrine, dk_yredelemnul_ordeal,
          minmay_temple_entry_ruins, serial_shops, nicolae_shop_stone,
          minmay_increasing_density
D:8:      layout_loops_ring, minmay_manual_mares, uniq_maggie
D:9:      layout_basic, grunt_temple_overflow_open, hangedman_decor_peaks_small
D:10:     layout_stronghold, mainiacjoe_overflow_concentric_impassable,
          david_lair_shrubbed, ebering_dispersal_statue_hall,
          nrook_mini_backslash
D:11:     minmay_the_grid_triangle_9x9_rhombus_full_mashed
          [minmay_the_grid_triangle_9x9_steps,
          minmay_the_grid_triangle_9x9_alien,
          minmay_the_grid_triangle_9x9_wacky_v,
          minmay_the_grid_triangle_9x9_fully_insulated_deathbox,
          minmay_the_grid_triangle_9x9_tough_junction,
          minmay_the_grid_triangle_9x9_semitri,
          minmay_the_grid_triangle_9x9_zippers_horizontal,
          minmay_the_grid_triangle_9x9_prize_insulated], layout_stronghold,
          hangedman_abyss_or_decor_slice, serial_nicolae_subway,
          nicolae_sub_station_crystal, nicolae_sub_station_metal,
          nicolae_sub_station_stone
Temple:   hellmonk_temple_divided_pantheon

Skill      XL: |  1  2  3  4  5  6  7  8  9 10 11 |
---------------+----------------------------------+-----
Fighting       | 4 5 6 7 9 10 | 10.0
Armour         | 4 5 6 7 |  7.3
Axes           | 4 6 8 10 | 10.0
Shields        | 5 6 8 11 | 11.2
Invocations    | 3 9 |  9.8

Action                     |  1- 3 |  4- 6 |  7- 9 | 10-12 || total
---------------------------+-------+-------+-------+-------++-------
  Melee: War axe           |    94 |    69 |   245 |    63 ||   471
         Broad axe         |       |       |       |   224 ||   224
    Use: Scroll            |     5 |     5 |     7 |     8 ||    25
         Potion            |       |     2 |     4 |     8 ||    14
 Armour: Scale mail        |    62 |    29 |    46 |       ||   137
         Chain mail        |       |       |   130 |    96 ||   226
         Plate armour      |       |       |       |    65 ||    65
  Dodge: Dodged            |    62 |    27 |    96 |    96 ||   281
  Block: Buckler           |    25 |    16 |    62 |       ||   103
         Kite shield       |       |       |    79 |   279 ||   358
